 Dungeon Crawl Stone Soup version 0.26-a0-651-gb41185065b (webtiles) character file.

Game seed: 9192261369627899476

420 Lanoc the Spear-Bearer (level 6, -15/51 HPs)
             Began as a Merfolk Chaos Knight on Oct 17, 2020.
             Was a Plaything of Xom.
             Demolished by an ogre
             ... wielding a +0 giant club
              (22 damage)
             ... while paralysed by Grinder
             ... on level 4 of the Dungeon.
             The game lasted 00:04:01 (2484 turns).

Lanoc the Spear-Bearer (Merfolk Chaos Knight)       Turns: 2484, Time: 00:04:01

Health: -15/51     AC:  3    Str: 13    XL:     6   Next: 94%
Magic:  6/6        EV:  2    Int: 11    God:    Xom [.*....]
Gold:   146        SH:  0    Dex: 15    Spells: 5/5 levels left

rFire    . . .     SeeInvis .   a - +0 spear (chaos)
rCold    . . .     Faith    .   (no shield)
rNeg     . . .     Spirit   .   b - +2 leather armour
rPois    .         Reflect  .   (no helmet)
rElec    .         Harm     .   (no cloak)
rCorr    .         Rampage  .   (no gloves)
MR       .....                  (no boots)
Stlth    +.........             (no amulet)
HPRegen  0.17/turn              (no ring)
MPRegen  0.10/turn              (no ring)

@: paralysed
A: change form in water, swift swim, stealthy swim, blurry vision 2, deformed
body
a: Renounce Religion


You were on level 4 of the Dungeon.
You worshipped Xom.
You were a plaything of Xom.
You visited 1 branch of the dungeon, and saw 4 of its levels.

You collected 146 gold pieces.

Inventory:

Hand Weapons
 a - a +0 spear of chaos (weapon)
Armour
 b - a +2 leather armour (worn)
Scrolls
 d - 3 scrolls of enchant weapon {unknown}
 f - 2 scrolls of fog {unknown}
 i - 3 scrolls of amnesia {unknown}
 j - 2 scrolls of remove curse {unknown}
 k - 3 scrolls of enchant armour {unknown}
 l - 2 scrolls of identify {unknown}
 m - a scroll of immolation {unknown}
 n - a scroll of noise {unknown}
 q - a scroll of fear {unknown}
Potions
 c - 2 potions of curing {unknown}
 e - 2 potions of heal wounds {unknown}
 g - a potion of lignification {unknown}
 h - a potion of magic {unknown}
 o - a potion of flight {unknown}
 p - a potion of ambrosia {unknown}


   Skills:
 + Level 5.0 Fighting
 * Level 8.3 Polearms
 - Level 0.6 Armour
 + Level 5.2 Dodging


You had 5 spell levels left.
You didn't know any spells.
Your spell library was empty.

Dungeon Overview and Level Annotations

Branches:
Dungeon (4/15)
 Temple: D:4-7

Altars:

Shops:
D:4 *

Annotations:
D:4 Grinder


Innate Abilities, Weirdness & Mutations

You revert to your normal form in water.
You are very nimble and swift while swimming.
You are very stealthy in the water. (Stealth+)
Scrolls take you longer to read.
Armour fits poorly on your strangely shaped body.


Message History

Grinder barely misses you.
You hit the ogre. You burn the ogre.
The ogre is lightly wounded.
Grinder closely misses you.
You hit the ogre.
The ogre is moderately wounded.
The ogre barely misses you. Grinder barely misses you.
You hit the ogre but do no damage.
The ogre is moderately wounded.
Grinder hits you!
You writhe in agony.
Grinder barely misses you. Grinder gestures at you.
You suddenly lose the ability to move!
The ogre hits you with a +0 giant club! x2
* * * LOW HITPOINT WARNING * * *
"This might be better!"
Grinder seems to slow down.
The ogre hits you with a +0 giant club!!
You die...
Xom giggles madly!

#....+....'...........'...).
#.####....########..{.#.....
#.# #.[..########..########
###'## #).................#
##....###.).............##.#
#.....†...........####.##
#........####(.........####
#...>....'.................
#........####.@.###....###
#..(.....######O#........#
####...........5.........# #
##############.####..... .
####.....# ..... #
#####........# .... #
######.....#....###### ... #
#......###.#...........
....###
#..........#..#########
.......


You could see Grinder (fast, slow) and an ogre.

Vanquished Creatures
  Sigmund (D:2)
  2 hounds (D:4)
  2 orc wizards (D:4)
  7 adders
  A white imp (D:4)
  An ooze (D:2)
  2 worms (D:3)
  5 leopard geckos
  5 orcs
  2 giant cockroaches (D:3)
  5 goblins
  10 hobgoblins
  2 quokkas
  7 bats
  3 frilled lizards
  5 kobolds
  3 rats
63 creatures vanquished.

Vanquished Creatures (others)
  An orc (D:4)
1 creature vanquished.

Grand Total: 64 creatures vanquished

Notes
Turn   | Place    | Note
-------+----------+-------------------------------------------
     0 | D:1      | Lanoc the Merfolk Chaos Knight began the quest for the Orb.
     0 | D:1      | Reached XP level 1. HP: 18/18 MP: 1/1
   111 | D:1      | XOM: silly message
   147 | D:2      | Reached XP level 2. HP: 24/24 MP: 2/2
   212 | D:2      | XOM: potion effect (brilliance)
   215 | D:2      | XOM: potion effect (stabbing)
   219 | D:2      | Reached skill level 5 in Polearms
   464 | D:2      | Noticed Sigmund
   470 | D:2      | Reached XP level 3. HP: 17/29 MP: 3/3
   475 | D:2      | Killed Sigmund
   475 | D:2      | Reached skill level 7 in Polearms
   475 | D:2      | Reached XP level 4. HP: 16/38 MP: 4/4
   475 | D:2      | Reached XP level 5. HP: 18/43 MP: 5/5
   716 | D:2      | XOM: silly message
  1100 | D:3      | XOM: silly message
  1101 | D:3      | Reached XP level 6. HP: 47/49 MP: 6/6
  1104 | D:3      | XOM: silly message
  1152 | D:3      | XOM: silly message
  1274 | D:3      | XOM: cloud trail
  1302 | D:3      | XOM: give mutations
  1302 | D:3      | Gained mutation: Scrolls take you a little longer to read.
                  | [Xom's mischief]
  1302 | D:3      | Gained mutation: Armour fits poorly on your strangely
                  | shaped body. [Xom's mischief]
  1302 | D:3      | Gained mutation: Scrolls take you longer to read. [Xom's
                  | mischief]
  1466 | D:4      | Found Raupruf's Assorted Antiques.
  1467 | D:4      | XOM: 1-stop teleportation journey
  1519 | D:4      | XOM: 2-stop teleportation journey
  1767 | D:4      | Reached skill level 5 in Dodging
  1790 | D:4      | XOM: summons 2 hostile shadow creatures
  1792 | D:4      | Reached skill level 8 in Polearms
  1981 | D:4      | XOM: confuse monster(s)
  2003 | D:4      | Noticed Grinder
  2009 | D:4      | XOM: confuse monster(s)
  2316 | D:4      | Reached skill level 5 in Fighting
  2350 | D:4      | XOM: silly message
  2356 | D:4      | XOM: cloud trail
  2473 | D:4      | XOM: enchant monster (bad)
  2481 | D:4      | Paralysed by Grinder for 5 turns
  2484 | D:4      | XOM: enchant monster (good)
  2484 | D:4      | Demolished by an ogre

Illustrated notes

Levels and vault maps discovered:
D:1:      dpeg_arrival_shrine, layout_loops_ring
D:2:      layout_loops_ring, uniq_sigmund
D:3:      layout_rooms
D:4:      layout_basic, serial_shops, nicolae_shop_statue_plus, uniq_grinder,
          uniq_edmund

Skill      XL: |  1  2  3  4  5  6 |
---------------+-------------------+-----
Dodging        | 3 4 5 |  5.2
Polearms       | 5 7 8 |  8.3
Fighting       | 4 5 |  5.0
Armour         | |  0.6

Action                   |  1- 3 |  4- 6 || total
-------------------------+-------+-------++-------
Melee: Spear             |    53 |   217 ||   270
 Stab: Sleeping          |     3 |     3 ||     6
       Distracted        |       |     1 ||     1
       Confused          |       |     1 ||     1
       Petrifying        |       |     1 ||     1
Armor: Leather armour    |     5 |    18 ||    23
Dodge: Dodged            |    25 |    90 ||   115

Table legend: (Time is in decaauts)
 A = Elapsed time spent in this place.
 B = Non-inter-level travel time spent in this place.
 C = Inter-level travel time spent in this place.
 D = Time resting spent in this place.
 E = Time spent auto-exploring this place.
 F = Levels seen in this place.
 G = Mean time per level.
                   A        B        C        D        E       F      G
               +--------+--------+--------+--------+--------+-----+--------+
         Total |   2415 |   2378 |     37 |    237 |   1694 |   4 |  603.8 |
       Dungeon |   2415 |   2378 |     37 |    237 |   1694 |   4 |  603.8 |
               +--------+--------+--------+--------+--------+-----+--------+

Top non-repeatable levels by time:
     D:2: 792 daAuts
     D:3: 772 daAuts
     D:4: 740 daAuts
     D:1: 111 daAuts
